[Event "LV Capablanca Memorial Premier 2022"]
[Site "La Habana"]
[Date "2022.04.21"]
[Round "3.1"]
[White "Bulmaga, Irina"]
[Black "Hernandez Moya, Yuleisy"]
[Result "1-0"]
[ECO "C18"]
[WhiteElo "2390"]
[BlackElo "2250"]
[Annotator "TA"]
[PlyCount "87"]
[EventDate "2022.04.20"]
[EventType "tourn"]
[EventCountry "CUB"]
[SourceTitle "playchess.com"]
[Source "ChessBase"]
[SourceQuality "1"]
[TimeControl "40/5400+30:1800+30"]

1. e4 e6 2. d4 d5 3. Nc3 Bb4 4. e5 c5 5. a3 Ba5 6. b4 cxd4 7. Nb5 Bc7 8. Nf3 (8. Qxd4 Nc6 9. Nxc7+ Qxc7 $15) 8... Bd7 {[%emt 0:01:54] C18: French: 3 Nc3 Bb4: Main line: 7 h4 and 7 Qg4.} (8... Nc6 $11) 9. Nxc7+ Qxc7 10. Bd3 Ba4 {[%emt 0:08:34] The position is equal.} 11. O-O {[%emt 0:00:38][%mdl 1024] [#] White has compensation.} Nc6 $146 (11... Ne7 $11 {keeps the balance.}) ({Predecessor:} 11... Ne7 12. Bb2 Nbc6 13. Re1 a6 14. Nxd4 Nxd4 15. Bxd4 Bb5 16. Bc5 b6 17. Bd6 Qd7 {0-1 (31) Ahn,M (2255)-Lafosse,J (2179) Belgium 2016}) 12. Re1 (12. b5 $1 $16 Nb8 13. Nxd4) 12... h6 $2 (12... a6 $11) 13. h4 $2 (13. b5 $18 Na5 14. Rb1 (14. Nxd4 Qc3 $18)) 13... a6 $1 $11 14. Qd2 Nge7 15. Qf4 Bb5 (15... O-O {seems wilder.} 16. Qg4 Kh8 17. Qh5 Ng8) 16. h5 Bxd3 17. cxd3 O-O 18. Qg4 Kh7 19. Bb2 Rfc8 20. Rac1 Qb6 21. Qf4 Kg8 22. g4 (22. Bxd4 $11 {remains equal.} Qb5 23. Qd2) 22... a5 23. g5 (23. Bxd4 $142 Qb5 24. Bc5) 23... Nf5 (23... hxg5 $142 $1 24. Qxg5 (24. Nxg5 $2 Nf5 $19) 24... Nf5) 24. gxh6 $17 Nxh6 {[%emt 0:04:44] Pair of Knights!} 25. Kh1 Nf5 (25... axb4 $2 26. Rg1 Nf5 27. h6 $19) ({Black should play} 25... Kh8 26. Rg1 Rg8 27. Bxd4 Qb5) 26. Rg1 Kf8 $2 (26... axb4 $17 27. h6 g6) 27. Rxc6 $1 $11 Rxc6 28. Nxd4 Rcc8 $2 (28... axb4 $11 {and Black is okay.} 29. Nxf5 exf5) 29. Qg4 $2 ({Only move:} 29. Nxf5 $18 {Strongly threatening Nd6.} exf5 30. e6 Qxe6 31. Bxg7+ Ke7 32. h6) 29... Ke7 {[%emt 0:01:39] ...Kd7 is the strong threat.} 30. Nxf5+ exf5 31. Qh4+ Kd7 $1 (31... Kf8 $2 32. e6 d4 33. Bxd4 (33. e7+ Ke8 $16) 33... Qc6+ 34. Kh2 Qd6+ 35. Kh3 Qxe6 36. Bxg7+ Ke8 37. h6 $18) 32. Rxg7 Qe6 33. h6 {[%emt 0:00:28] Threatens to win with h7. Chess con chili.} Rg8 $1 34. Qg5 Rxg7 35. Qxg7 {[%emt 0:00:03][%mdl 4096] Endgame KQR-KQB} ({Reject} 35. hxg7 Qg6 36. e6+ Kxe6 37. Qe3+ Kd7 $17) 35... Ra6 (35... Qg6 $2 36. Qxg6 fxg6 37. e6+ Kxe6 38. bxa5 $18) 36. Bc1 $2 (36. Kg2 $11 {and White stays safe.} Qxh6 37. Qxf7+ Kd8 38. Qxb7 (38. Qxd5+ Ke8 $11)) 36... Qg6 $4 (36... f4 $19 37. Bxf4 Qh3+ 38. Bh2 (38. Kg1 $2 Rg6+ 39. Qxg6 fxg6 $19) 38... Qf3+ 39. Qg2 Qd1+ 40. Qg1 Qxg1+ 41. Bxg1 Rxh6+ 42. Kg2 axb4 43. axb4 Rg6+ 44. Kf1 Rb6) 37. Qxg6 $18 {[%emt 0:00:23] Active counter play! White is clearly winning.} fxg6 {[%emt 0:00:20] KR-KB} 38. h7 Ra8 {[%emt 0:00:06] [#]} 39. e6+ $1 Kxe6 {[%emt 0:01:23] [#]} 40. Bb2 $1 axb4 41. axb4 Kd6 42. h8=Q Rxh8+ 43. Bxh8 {[%emt 0:00:00] aiming for Kg2.} Kc6 44. Kg2 {[%emt 0:00:29] Weighted Error Value: White=0.57/Black=0.43} 1-0

[Event "LV Capablanca Memorial Premier 2022"]
[Site "La Habana"]
[Date "2022.04.21"]
[Round "3.2"]
[White "Cori Tello, Deysi"]
[Black "Hernandez Gil, Ineymig"]
[Result "1/2-1/2"]
[ECO "D10"]
[WhiteElo "2391"]
[BlackElo "2348"]
[Annotator "TA"]
[PlyCount "97"]
[EventDate "2022.04.20"]
[EventType "tourn"]
[EventCountry "CUB"]
[SourceTitle "playchess.com"]
[Source "ChessBase"]
[SourceQuality "1"]
[TimeControl "40/5400+30:1800+30"]

1. c4 c6 2. Nc3 d5 3. d4 dxc4 4. a4 e5 5. e3 exd4 6. exd4 Be6 7. Nf3 Bb4 {[%emt 0:00:15] D10: Slav Defence: 3 cxd5 (without early Nf3) and 3 Nc3.} 8. Be2 Nd7 9. O-O Ngf6 {[%emt 0:02:34] Against d5. Black is better.} 10. Qc2 O-O 11. Na2 Bd6 12. Bxc4 Bxc4 (12... Bg4 $5 13. Qd3 Nb6 $17) 13. Qxc4 Nb6 14. Qb3 {[%emt 0:03:22] [#]} a5 $146 ({Predecessor:} 14... Qc7 15. Nc3 h6 16. g3 Nbd5 17. Re1 Rfe8 18. Bd2 a5 19. Rac1 Nb4 20. Nb5 Qd7 21. Nxd6 Qxd6 {½-½ (73) Luna,M (2070)-Alonso,R (2200) Moreno 1995}) 15. Bg5 Bc7 16. Nc3 Qd6 17. Rfe1 Nbd5 18. Rad1 ({But not} 18. Qxb7 $2 Rfb8 19. Qxa8 Rxa8 $19) 18... Qb4 19. Qc2 Rac8 20. Ne5 h6 21. Bc1 Rcd8 22. Rd3 Bb6 ({Better is} 22... Rfe8 $15) 23. Qd1 Qd6 24. Rg3 {[%emt 0:02:32] Strongly threatening Bxh6.} Kh8 (24... Ne7 $1 $11) 25. h4 (25. Rh3 $1 $14 Nh7 26. Rh4) 25... Nb4 $11 26. Bf4 $1 Qxd4 27. Qf3 {[%emt 0:00:01] Active counter play!} Nbd5 28. Nxd5 Rxd5 29. Bxh6 $1 {[%emt 0:00:46] [#]} Qxf2+ $1 30. Qxf2 {Chess con chili.} Bxf2+ 31. Kxf2 gxh6 32. Kg1 Nd7 33. Nc4 Rg8 34. Rf3 Rg7 35. Re8+ Kh7 36. Ne3 Rd2 37. g3 {[%emt 0:00:26] [#]} Rxb2 (37... f6 $1 $17 {Threatens to win with ...Ne5.} 38. Nf5 Rf7) 38. Nf5 $1 {[%emt 0:00:34] The position is equal.} Rg4 39. Re7 Nc5 40. Rxf7+ Kh8 41. Rf6 Re4 (41... Nxa4 {gets mated.} 42. Re3 Rb1+ 43. Kg2 Rb2+ 44. Kh3) (41... Rxa4 42. Rxh6+ Kg8 43. Ne7+ Kg7 44. Rg6+ Kh8 45. Rf8+ Kh7 46. Rf7+ Kh8 47. Rh6#) 42. Rxh6+ Kg8 43. Ne3 Rb3 44. Rg6+ Kh7 45. Rff6 {[%emt 0:00:35] White wants to mate with Nf5.} Rexe3 (45... Rbxe3 $5 46. Rh6+ Kg7 47. Rhg6+ Kh8 48. Rh6+ Kg8 49. Rhg6+ Kh8 50. Rh6+ Kg8 51. Rhg6+ Kh8 $11) 46. Rh6+ Kg7 47. Rhg6+ Kh7 48. Rh6+ Kg7 49. Rhg6+ {[%emt 0:00:04] Weighted Error Value: White=0.09 (flawless) /Black=0.10 (very precise)} 1/2-1/2

[Event "LV Capablanca Memorial Premier 2022"]
[Site "La Habana"]
[Date "2022.04.21"]
[Round "3.3"]
[White "Miranda Llanes, Yerisbel"]
[Black "Forgas Moreno, Yaniela"]
[Result "0-1"]
[ECO "A42"]
[WhiteElo "2261"]
[BlackElo "2303"]
[Annotator "TA"]
[PlyCount "78"]
[EventDate "2022.04.20"]
[EventType "tourn"]
[EventCountry "CUB"]
[SourceTitle "playchess.com"]
[Source "ChessBase"]
[SourceQuality "1"]
[TimeControl "40/5400+30:1800+30"]

1. d4 Nf6 2. c4 d6 3. Nc3 Nbd7 4. e4 e5 5. d5 g6 6. Be2 Bg7 7. h4 {[%emt 0:00:30] A42: Modern Defence: Averbakh Variation.} h5 {[%emt 0:00:30] [#]} 8. Bg5 $146 ({Predecessor:} 8. Nf3 Nc5 9. Ng5 a5 10. Be3 O-O 11. f3 c6 12. O-O a4 13. Bxc5 dxc5 14. dxc6 bxc6 {0-1 (22) Williams,S (2464)-Sunilduth Lyna,N (2658) Chess.com INT 2022}) 8... Bh6 9. Bxh6 {[%emt 0:00:30] White is slightly better.} Rxh6 10. Nf3 Nc5 11. Ng5 (11. Qd2 $5 Rh8 12. Ng5 $14) 11... a5 12. Qd2 Rh8 13. O-O-O Ng8 14. f4 f6 15. Nf3 (15. fxe5 {seems wilder.} fxg5 16. exd6 cxd6 17. e5) 15... Bg4 16. fxe5 dxe5 17. Qe3 b6 18. Nb5 {[%emt 0:00:42] [#] Strongly threatening d6.} Kf8 19. Rdf1 {[%emt 0:02:44] Black must now prevent Nxe5.} Kg7 20. Rf2 Nh6 21. Rhf1 Qe7 22. Nc3 (22. Nh2 $5 ) 22... Rhf8 23. Bd1 Rad8 24. Bc2 Nb7 25. Nh2 Qc5 26. Qd3 Nd6 27. b3 Bd7 {[%emt 0:00:48][%cal Oa5a4] Threatens to win with ...a4!} 28. Qg3 Ng4 {[%emt 0:00:30] Active counter play!} (28... Ng8 $17 29. a4 Qb4) 29. Nxg4 $11 Bxg4 ({Don't play} 29... hxg4 30. h5 $16) 30. Qd3 Rde8 31. Rd2 $2 {[%emt 0:00:30] [#] White does not recover from this.} ({Better is} 31. Qg3 $15) 31... f5 $1 $19 32. Kb2 $2 (32. Re1 {is a better defense.}) 32... Nxe4 33. Nxe4 $2 (33. Re1 Nxd2 34. Qxd2) 33... fxe4 34. Qxe4 Rxf1 35. Qxg6+ Kf8 {[%emt 0:00:06] ...Qe3 is the strong threat.} 36. d6 Qe3 37. d7 Rd8 38. Rd3 Qc1+ 39. Kc3 Qa1+ {[%emt 0:00:39] Weighted Error Value: White=0.75/Black=0.08 (flawless)} 0-1

[Event "LV Capablanca Memorial Premier 2022"]
[Site "La Habana"]
[Date "2022.04.21"]
[Round "3.4"]
[White "Lujan, Carolina"]
[Black "Kiolbasa, Oliwia"]
[Result "1/2-1/2"]
[ECO "C55"]
[WhiteElo "2334"]
[BlackElo "2388"]
[Annotator "TA"]
[PlyCount "50"]
[EventDate "2022.04.20"]
[EventType "tourn"]
[EventCountry "CUB"]
[SourceTitle "playchess.com"]
[Source "ChessBase"]
[SourceQuality "1"]
[TimeControl "40/5400+30:1800+30"]

1. e4 e5 2. Nf3 Nc6 3. Bc4 Nf6 4. d3 h6 5. Nc3 d6 6. a3 {[%emt 0:00:19] C55: Two Knights: 4 d3, 4 d4 exd4 5 e5 and Max Lange Attack.} g6 7. h3 Bg7 8. Be3 O-O 9. Qd2 Kh7 10. g4 Ng8 11. d4 (11. g5 $11) 11... exd4 (11... Qf6 $15 12. Qe2 Nxd4 13. Bxd4 exd4) 12. Nxd4 $14 {[%emt 0:00:38] [#]} Nxd4 $146 ({Predecessor:} 12... Nge7 13. O-O-O a6 14. f4 Rb8 15. Nd5 b5 16. Be2 Bb7 17. Bf3 Nxd5 18. exd5 Ne7 {½-½ (50) Ivekovic,B (2109)-Zecevic,D (2213) Zagreb 2010}) 13. Bxd4 Bxd4 14. Qxd4 Qg5 $1 15. Be2 Nf6 16. h4 Qe5 17. Qxe5 dxe5 18. g5 Ne8 19. O-O-O {[%emt 0:09:46] Black should prevent Rd5.} Be6 {[%emt 0:02:38] Inhibits Rd5.} 20. Nd5 h5 21. f3 Rd8 22. Ne3 Nd6 23. Nd5 Ne8 24. Ne3 Nd6 25. Nd5 Ne8 {[%emt 0:00:00] Weighted Error Value: White=0.15 (very precise) /Black=0.10 (very precise)} 1/2-1/2

[Event "LV Capablanca Memorial Premier 2022"]
[Site "La Habana"]
[Date "2022.04.21"]
[Round "3.5"]
[White "Arribas Robaina, Maritza"]
[Black "Ordaz Valdes, Lisandra Teresa"]
[Result "0-1"]
[ECO "C78"]
[WhiteElo "2204"]
[BlackElo "2371"]
[Annotator "TA"]
[PlyCount "94"]
[EventDate "2022.04.20"]
[EventType "tourn"]
[EventCountry "CUB"]
[SourceTitle "playchess.com"]
[Source "ChessBase"]
[SourceQuality "1"]
[TimeControl "40/5400+30:1800+30"]

1. e4 e5 2. Nf3 Nc6 3. Bb5 a6 4. Ba4 Nf6 5. O-O b5 6. Bb3 Bc5 7. c3 d6 8. d4 Bb6 9. dxe5 Nxe5 10. Nxe5 {[%emt 0:00:46] C78: Ruy Lopez: Archangelsk and Möller Defences.} dxe5 11. Qxd8+ Kxd8 12. Bg5 {[%emt 0:11:32] The position is equal. was the old line (12.Bxf7).} Ke7 13. Nd2 h6 14. Bh4 g5 (14... Bg4 {feels hotter.} 15. Nf3 Bxf3 16. gxf3 c6) 15. Bg3 Nd7 16. Bd5 {[%emt 0:01:57] Against Bb7} Rb8 {[%emt 0:02:57] [#]} 17. Kh1 $146 ({Predecessor:} 17. Rfd1 Bb7 18. Bxb7 Rxb7 19. Nf1 f6 20. b4 Rd8 21. h3 Rbb8 22. Bh2 h5 23. Ng3 {½-½ (89) Vetoshko,V (2079)-Ledakov,A (2059) Lubin 2009}) 17... Rd8 18. Rad1 f6 19. Rfe1 (19. Nb3 $17) 19... Nc5 $19 20. Nf1 {[%emt 0:03:54] [#]} c6 $1 21. Bb3 Nd3 22. Re2 Be6 {[%emt 0:00:24] And now ...Bxb3 would win.} 23. Rb1 Bxb3 24. axb3 a5 {[%emt 0:01:17] Prevents b4.} 25. f3 Rd7 26. Be1 Rbd8 27. g3 Nxe1 {[%emt 0:05:59] 0x0.001e7f237ef7dp-1022s more active pieces. The white rooks are badly placed.} 28. Rbxe1 Rd1 29. Kg2 R8d3 ({Better is} 29... h5 $19 30. Rxd1 Rxd1) 30. g4 $17 Ke6 ({Black should try} 30... Rxe1 $17 31. Rxe1 Ke8) 31. Rxd1 $15 Rxd1 {[%emt 0:00:05][%mdl 4096] Endgame KRB-KRN} 32. Ng3 $1 b4 33. cxb4 axb4 {[%emt 0:00:05] Hoping for ...Rd3.} 34. Rc2 Kd7 {[%emt 0:00:37] ...Rd3 is the strong threat.} 35. Nh5 $1 Bd8 36. Ng3 $1 Rd3 {[%emt 0:03:30] Threatens to win with ...Bb6.} 37. Ne2 Bb6 {[%emt 0:02:54] Strongly threatening ...Be3.} ({But not} 37... Rxb3 $6 38. Rd2+ Ke7 39. Nc1 $11) 38. Nc1 Rd1 39. Na2 $1 Rd4 40. Kf1 (40. h3 $15) 40... Rd3 $17 41. Nxb4 Rxb3 42. Rd2+ $2 {[%emt 0:01:59] Now White is beyond hope.} (42. Nxc6 $17 {was worth a try.} Rxf3+ 43. Kg2) 42... Bd4 43. Nd3 {[%emt 0:00:05] aiming for Nc5+.} Kd6 {[%emt 0:00:39] Against Nc5} 44. Ke2 {[%emt 0:00:13] [#]} c5 $1 45. Rc2 Kc6 46. Kd2 (46. Nc1 $142 Re3+ 47. Kd1) 46... Kb5 $19 47. Ne1 Bxb2 {[%emt 0:02:27] Weighted Error Value: White=0.24 (precise) /Black=0.09 (flawless)} 0-1

[Event "LV Capablanca Memorial Premier 2022"]
[Site "La Habana"]
[Date "2022.04.22"]
[Round "4.1"]
[White "Hernandez Moya, Yuleisy"]
[Black "Ordaz Valdes, Lisandra Teresa"]
[Result "0-1"]
[ECO "C45"]
[WhiteElo "2250"]
[BlackElo "2371"]
[Annotator "TA"]
[PlyCount "82"]
[EventDate "2022.04.20"]
[EventType "tourn"]
[EventCountry "CUB"]
[SourceTitle "playchess.com"]
[Source "ChessBase"]
[SourceQuality "1"]
[TimeControl "40/5400+30:1800+30"]

1. e4 e5 2. Nf3 Nc6 3. d4 exd4 4. Nxd4 Bb4+ 5. c3 Bc5 6. Be3 Bb6 7. Nf5 g6 {[%emt 0:00:14] C45: Scotch Game.} 8. Bxb6 $1 axb6 9. Ne3 Nf6 {[%emt 0:00:09] White has an edge.} 10. f3 $1 O-O {[%emt 0:00:42] The main line 10...0-0 scores better than 10...Qe7.} 11. Be2 d6 12. O-O Be6 13. c4 $1 Nd7 14. Nc3 {[%emt 0:01:16] [#]} Nc5 $146 ({Predecessor:} 14... f5 15. exf5 gxf5 16. f4 Nf6 17. Qd2 Qd7 18. Bf3 Rae8 19. Rae1 Kh8 20. Nb5 Qg7 {1-0 (35) Fercec,N (2456)-Loncar,R (2385) Sibenik 2011}) 15. Qd2 Ne7 16. b4 Nd7 17. f4 {[%emt 0:01:05] f5 is the strong threat.} f5 18. Bd3 (18. Bf3 $142) 18... Nf6 $16 19. exf5 Nxf5 20. Nxf5 gxf5 21. Rae1 Qd7 22. Rf3 Qf7 23. Qc2 (23. Rg3+ $16 Kh8 24. Rge3) 23... Nh5 (23... Bxc4 $11 24. Bxf5 Rfe8) 24. Nb5 {[%emt 0:05:38][%cal Ob5c7] Threatens to win with Nxc7!} Ng7 25. Rg3 {[%emt 0:00:33][%cal Ob5c7] Strongly threatening Nxc7!} Rae8 26. Qc3 Re7 27. Ree3 Kh8 28. Rg5 Qf6 (28... h6 $142 29. Rgg3 Kh7) 29. Qxf6 Rxf6 30. Nd4 Re8 {[%emt 0:04:47] [#]} 31. Reg3 (31. Nxf5 $1 $18 Bf7 (31... Nxf5 32. Rxf5) 32. Rxg7 Rxe3 33. Rxf7 $1 Rxf7 34. Nxe3) 31... Rf7 32. Nxe6 Rxe6 33. Kf2 {[%emt 0:00:21] Inhibits Re1.} Rfe7 34. Bxf5 (34. a3 $14) 34... Re2+ $11 35. Kf3 $2 (35. Kf1 $11) 35... h5 $19 {[%emt 0:00:26][%csl Ge2][%cal Re7e3] Black is clearly winning.} ({Wrong is} 35... h6 $2 36. Rxg7 R7e3+ 37. Kg4 Rxg3+ 38. Kxg3 $19) 36. Be6 R7xe6 37. f5 R6e3+ 38. Kf4 Re4+ 39. Kf3 R2e3+ 40. Kf2 {[%emt 0:00:00] [#]} Rxg3 41. hxg3 Rg4 {[%emt 0:02:06] Weighted Error Value: White=0.38/Black=0.15 (very precise)} 0-1

[Event "LV Capablanca Memorial Premier 2022"]
[Site "La Habana"]
[Date "2022.04.22"]
[Round "4.2"]
[White "Kiolbasa, Oliwia"]
[Black "Arribas Robaina, Maritza"]
[Result "1/2-1/2"]
[ECO "C02"]
[WhiteElo "2388"]
[BlackElo "2204"]
[Annotator "TA"]
[PlyCount "145"]
[EventDate "2022.04.20"]
[EventType "tourn"]
[EventCountry "CUB"]
[SourceTitle "playchess.com"]
[Source "ChessBase"]
[SourceQuality "1"]
[TimeControl "40/5400+30:1800+30"]

1. e4 e6 2. d4 d5 3. e5 c5 4. c3 Nc6 5. Nf3 Bd7 6. Bd3 Qb6 7. O-O cxd4 {[%emt 0:02:38] C02: French: Advance Variation.} 8. Re1 h6 9. a3 Rc8 {[%emt 0:06:03] [#] The position is equal.} 10. b4 $146 ({Predecessor:} 10. Bc2 Bc5 11. b4 d3 12. bxc5 dxc2 13. Qxc2 Qxc5 14. Be3 Qa5 15. Nbd2 Qc7 16. Bc5 Nxe5 {0-1 (29) Langnau,R-Elwert,H corr 1985}) 10... dxc3 11. Nxc3 Nd4 $1 12. Bd2 Nxf3+ 13. Qxf3 Ne7 14. b5 (14. Rac1 $14) 14... Qd8 15. Ne2 g6 16. Nd4 (16. a4 $14) 16... Bg7 17. Rad1 Qb6 {[%emt 0:16:21] [#]} 18. Bb4 $1 a5 {[%emt 0:16:46] [#]} (18... Qxd4 $2 19. Bxg6 $1 Nxg6 20. Rxd4 $18) (18... Bf8 $11 {keeps the balance.}) (18... Qd8 19. Qe3) 19. bxa6 $1 $16 bxa6 20. Qf4 Nc6 21. Nxc6 {[%emt 0:02:23] 0x0.001c68f4b568dp-1022s more active pieces.} Rxc6 (21... g5 $6 22. Qg4 Rxc6 23. Rb1 $11) 22. Rb1 (22. Qh4 Qd8 23. Qxd8+ Kxd8 $11) 22... Qd8 23. Rec1 (23. Bd6 $16 g5 24. Qe3) 23... Rxc1+ (23... Qg5 $15 24. Qxg5 hxg5) 24. Rxc1 (24. Qxc1 $11 Bxe5 25. Qc5) 24... Qg5 $15 25. Qxg5 hxg5 26. Bd6 Rh4 27. Rb1 Bb5 {[%emt 0:01:28] [#]} 28. g3 $1 Rd4 ({Much less strong is} 28... Bxd3 29. Rb8+ Kd7 30. gxh4 (30. Rb7+ Kc6 $11) 30... gxh4 31. Rb4 $14) 29. Bxb5+ axb5 30. Rxb5 $11 {[%emt 0:00:09][%mdl 4096] Endgame Threatens to win with Kf1. KRB-KRB} Re4 $2 {[%emt 0:00:07] [#]} (30... Rd1+ $1 $11 {and Black is okay.} 31. Kg2 Re1) 31. f3 $1 $18 Re2 {[%emt 0:00:08] [#]} 32. Kf1 $1 Ra2 (32... Rxh2 $16 33. Rb8+ Kd7) 33. Rb7 $2 (33. Rb8+ $18 Kd7 34. Rb7+ Ke8 35. Re7+ Kf8 36. Rxe6+ Kg8 37. Re8+ Kh7 38. Re7) 33... Rxh2 $2 (33... d4 $1 $14) 34. Rb8+ $2 (34. Re7+ $18 Kf8 35. Rxe6+ Kg8 36. Re8+ Kh7 37. Re7) 34... Kd7 $11 35. Rb7+ $2 (35. a4 $11) 35... Ke8 $18 36. Re7+ Kf8 37. Rxe6+ Kg8 38. Re8+ Kh7 39. Ra8 $2 (39. g4 $18 {Hoping for e6.} Ra2 40. Rb8) 39... d4 $11 40. a4 Ra2 41. Ke1 {[%emt 0:01:59] Black must now prevent Ra7.} d3 ({Black should try} 41... g4 $1 $11 42. Ra7 (42. fxg4 d3 $14) 42... gxf3 43. Rxf7 Kg8 44. Rxf3 d3) 42. Kd1 $1 $14 {[%emt 0:18:00] Strongly threatening a5.} Re2 $1 43. Rd8 ({White should play} 43. a5 $16) 43... Ra2 44. Bc7 {[%emt 0:03:18] aiming for a5.} Rxa4 45. Rxd3 g4 46. f4 Re4 47. Bd8 Ra4 48. Kc2 Rc4+ 49. Kb3 Rc8 50. Rd7 Kg8 51. Bc7 Bf8 52. Kc4 Ra8 53. Bd6 Bg7 54. Rb7 Ra1 55. Rb3 Re1 56. Kd5 Re2 57. Kc6 Kh7 58. Kd5 Kg8 59. Be7 Re1 60. Kc6 Rd1 (60... f6 $5) 61. Bd6 Re1 62. Kd7 {[%emt 0:00:38] Rb8+ is the strong threat.} g5 63. Rb8+ Kh7 64. Ke7 gxf4 65. gxf4 g3 66. Rb2 Kg6 67. Rb3 Bh6 68. Rxg3+ Kf5 69. Rf3 Bxf4 70. Kxf7 {[%emt 0:00:27][%cal Oe5e6] And now e6! would win.} Kg4 71. Rxf4+ $4 Kxf4 72. e6+ Kf5 73. e7 {[%emt 0:00:03][%mdl 32768] What a bad dream for White.  Weighted Error Value: White=0.27 (precise) /Black=0.24 (precise) . An unexpected result.} 1/2-1/2

[Event "LV Capablanca Memorial Premier 2022"]
[Site "La Habana"]
[Date "2022.04.22"]
[Round "4.3"]
[White "Forgas Moreno, Yaniela"]
[Black "Lujan, Carolina"]
[Result "1-0"]
[ECO "A03"]
[WhiteElo "2303"]
[BlackElo "2334"]
[Annotator "TA"]
[PlyCount "105"]
[EventDate "2022.04.20"]
[EventType "tourn"]
[EventCountry "CUB"]
[SourceTitle "playchess.com"]
[Source "ChessBase"]
[SourceQuality "1"]
[TimeControl "40/5400+30:1800+30"]

1. f4 d5 2. Nf3 Nf6 3. d3 c5 4. g3 g6 5. Bg2 Bg7 6. O-O O-O 7. c3 Nc6 8. Na3 b6 9. Qc2 {[%emt 0:05:57] A03: Bird's Opening with 1...d5.} Ba6 10. Qa4 {[%emt 0:11:06] Inhibits b5.} Qc8 {[%emt 0:07:22] [#]} 11. f5 $146 (11. Bd2 $11) ({Predecessor:} 11. b4 cxb4 12. cxb4 Nd7 13. Rb1 Bb7 14. b5 Nc5 15. Qd1 Nd4 16. Bb2 Nxf3+ 17. Bxf3 Bxb2 18. Rxb2 {0-1 (58) Rewitz,P (2328)-Grabarczyk,M (2436) Fredericia 2017}) 11... c4 (11... gxf5 $17 12. Bd2 Bb7) 12. dxc4 $11 dxc4 13. Nd4 (13. Nxc4 $2 b5 14. Qa3 bxc4 $19) (13. Nh4 {keeps more tension.} Na5 14. Bg5 Qc5+ 15. Kh1) 13... Nxd4 14. cxd4 Rb8 15. Nb5 Bb7 (15... Bxb5 $11 16. Qxb5 Ng4) 16. Nxa7 $14 Qd8 {[%emt 0:00:27] ...Bxg2 is the strong threat.} 17. Qxc4 {[%emt 0:03:00] &Bianco is more active.} Bxg2 18. Kxg2 Qd7 19. Nb5 (19. Nc6 Rbc8 20. d5 Nxd5 $19) 19... gxf5 20. a4 Rbc8 21. Qd3 Nd5 22. Bd2 ({Inferior is} 22. Qxf5 Qxf5 23. Rxf5 Rxc1 $1 24. Rxc1 Ne3+ 25. Kf3 Nxf5 $17) (22. Rxf5 Rxc1 $1 23. Rxc1 Qxf5 $1 24. Qxf5 Ne3+ 25. Kf3 Nxf5 $17) 22... Qc6 {aiming for ...Nf4+.} 23. Qf3 {[%emt 0:07:19] Prevents Nf4+. Hoping for Na7.} Qc2 {[%emt 0:05:28][%csl LRb2,LRd2] [#]} 24. Rfd1 ({Don't play} 24. Qxd5 $6 e6 25. Qf3 Qxd2 $14) 24... Rfd8 25. Rab1 ({Better is} 25. Rac1 $16 Qe4 26. Qxe4 fxe4 27. Rxc8 Rxc8 28. Nc3 Nxc3 29. bxc3 (29. Bxc3 Rc4 $16)) 25... Rf8 $2 26. Ra1 $2 (26. Qxd5 $18 e6 27. Qf3) 26... Rfd8 $1 $16 27. Rac1 Qe4 28. Qxe4 fxe4 29. Rxc8 Rxc8 30. Rc1 $36 {[%emt 0:01:29][%mdl 2048] Prevents Rc4. White is really pushing.} Ra8 31. Rc4 f5 32. b3 Rd8 33. Bf4 e5 $2 (33... Kf7 $16 34. e3 e5 35. dxe5 Bxe5) 34. dxe5 $18 Bxe5 35. Bxe5 Ne3+ 36. Kf2 Ng4+ 37. Ke1 Nxe5 {[%emt 0:00:00][%mdl 4096] Endgame KRN-KRN} 38. Rd4 Rc8 39. Kd2 {[%emt 0:00:44] Against Rc2+} Ng4 40. Nd6 Rf8 41. Nb5 Rc8 $1 42. Nd6 Rf8 43. h3 Nf2 44. h4 Nh1 45. Rc4 Nxg3 46. Rc8 Nf1+ 47. Ke1 Ne3 48. Rxf8+ Kxf8 49. Kf2 Nd1+ 50. Ke1 (50. Kg3 $142) 50... Ne3 51. Kd2 Nf1+ 52. Kc3 f4 53. Nxe4 {[%emt 0:00:00] Weighted Error Value: White=0.45/Black=0.29 (precise)} 1-0

[Event "LV Capablanca Memorial Premier 2022"]
[Site "La Habana"]
[Date "2022.04.22"]
[Round "4.4"]
[White "Hernandez Gil, Ineymig"]
[Black "Miranda Llanes, Yerisbel"]
[Result "1/2-1/2"]
[ECO "C54"]
[WhiteElo "2348"]
[BlackElo "2261"]
[Annotator "TA"]
[PlyCount "35"]
[EventDate "2022.04.20"]
[EventType "tourn"]
[EventCountry "CUB"]
[SourceTitle "playchess.com"]
[Source "ChessBase"]
[SourceQuality "1"]
[TimeControl "40/5400+30:1800+30"]

1. e4 e5 2. Nf3 Nc6 3. Bc4 Bc5 4. c3 Nf6 5. d4 exd4 6. b4 {[%emt 0:00:13] C54: Giuoco Piano: 4 c3 Nf6, main lines with 5 d4 and 5 d3.} ({Better is} 6. cxd4 $11 Bb4+ 7. Bd2) 6... Bb6 $1 $15 7. e5 Ne4 (7... d5 $5 8. exf6 dxc4 9. Qe2+ (9. fxg7 Rg8 $15) 9... Be6 $15) 8. Bd5 {[%emt 0:15:22] Black has an edge.} Nxc3 9. Nxc3 dxc3 10. O-O {[%emt 0:00:23] [#]} Ne7 $146 (10... Nxb4 $2 11. Bg5 Nxd5 12. Bxd8 $18) ({Predecessor:} 10... O-O 11. Bg5 Qe8 12. Re1 Ne7 13. Bb3 Ng6 14. Qd3 d6 15. exd6 Qd7 16. Qxc3 cxd6 {0-1 (31) Hartikainen,J (2142)-Filippova,M (2075) Chess.com INT 2021}) 11. Bb3 d5 12. exd6 $1 Qxd6 13. Qe2 {[%emt 0:00:29] [#] Hoping for Rd1.} O-O ({Don't do} 13... Qxb4 14. Re1 $14) 14. Rd1 $1 Qxb4 {[%emt 0:01:22] aiming for ...Bf5.} 15. Rb1 $1 {[%emt 0:00:08][%cal Ob3f7] Black must now prevent Bxf7+!} Qc5 {[%emt 0:10:39][%cal Oc8e6] Strongly threatening ...Be6!} 16. Be3 Qa3 (16... Qf5 $5 17. Bc2 (17. Bxb6 cxb6 18. Qxe7 c2 $17) 17... Qe6 18. Bxh7+ Kh8 $17) 17. Bc1 $1 Qc5 {[%emt 0:00:25] Threatens to win with ...Bg4.} 18. Be3 {[%emt 0:00:22] Weighted Error Value: White=0.11 (very precise) /Black=0.09 (flawless)} 1/2-1/2